 Dungeon Sprint DCSS version 0.19.4-9-g45fd643 (webtiles) character file.

714 protoss039 the Peltast (level 11, -6/73 HPs)
             Began as a Gargoyle Fighter on Feb 21, 2017.
             Was the Champion of Cheibriados.
             Mangled by a spriggan rider
             ... wielding a +3 spear
              (11 damage)
             ... in the Dungeon (Sprint VI: "Thunderdome").
             The game lasted 00:26:05 (1080 turns).

protoss039 the Peltast (Gargoyle Fighter)           Turns: 1080, Time: 00:26:06

Health: -6/73      AC: 24    Str: 44    XL:     11   Next: 68%
Magic:  15/15      EV: 15    Int: 26    God:    Cheibriados [******]
Gold:   151        SH: 26    Dex: 22    Spells: 0 memorised, 15 levels left

rFire  + + +     SeeInvis +     a - +0 flail
rCold  . . .     Gourm    .     p - +0 swamp dragon scales
rNeg   + + .     Faith    +     d - +0 large shield "Uwnemiar" {rElec} (curse)
rPois  ∞         Spirit   .     (helmet restricted)
rElec  +         Reflect  .     (no cloak)
rCorr  .         Harm     .     o - +0 pair of gloves "Cyexzom" {rPois SInv}
MR     .....     NoTele   +     (no boots)
Stlth  ++........               q - amulet of Trog's Righteous Anger {Faith rF+ Str+5 Slay+3 Stlth+}
                                s - ring "Zecurufuo" {+Blink rPois rF++ Str-2 Stlth-}
                                t - ring of Amorality {rElec rN+ Str+3 Int+2 Stlth+}

@: very slightly contaminated, very slow
A: antennae 1, molten scales 1, slimy green scales 2, clumsy 1, negative energy
resistance 1, electricity resistance, unbreathing, petrification resistance, rot
immunity, AC +7
a: Bend Time, Temporal Distortion, Slouch, Step From Time, Renounce Religion,
Evoke Blink
}: 1/15 runes: decaying


You were in the Dungeon.
You worshipped Cheibriados.
Cheibriados was exalted by your worship.
You were very hungry.

You visited 1 branch You collected 1120 gold pieces.
You spent 969 gold pieces at shops.

Inventory:

Hand Weapons
 a - a +0 flail (weapon)
Armour
 b - a +0 scale mail
 c - a +0 shield
 d - the cursed +0 large shield "Uwnemiar" (worn) {rElec}
   (You bought it in a shop in the Dungeon)

   It insulates you from electricity.
   It has a curse placed upon it.
 e - +0 steam dragon scales
 o - the +0 pair of gloves "Cyexzom" (worn) {rPois SInv}
   (You bought it in a shop in the Dungeon)

   It protects you from poison.
   It lets you see invisible.
 p - +0 swamp dragon scales (worn)
Jewellery
 g - the ring of the Genius {rF+ SInv}
   (You bought it in a shop in the Dungeon)

   [ring of see invisible]

   It protects you from fire.
   It lets you see invisible.
 q - the amulet of Trog's Righteous Anger (around neck) {Faith rF+ Str+5 Slay+3 Stlth+}
   (You bought it in a shop in the Dungeon)

   [amulet of faith]

   It allows you to gain divine favour quickly.
   It affects your strength (+5).
   It affects your accuracy and damage with ranged weapons and melee attacks
   (+3).
   It protects you from fire.
   It makes you more stealthy.
 r - the ring of Sorchoiq {*Drain +Blink rPois rN+ Int+4}
   (You bought it in a shop in the Dungeon)

   [ring of positive energy]

   It affects your intelligence (+4).
   It protects you from poison.
   It protects you from negative energy.
   It lets you blink.
   It causes draining when unequipped.
 s - the ring "Zecurufuo" (right hand) {+Blink rPois rF++ Str-2 Stlth-}
   (You bought it in a shop in the Dungeon)

   [ring of loudness]

   It affects your strength (-2).
   It greatly protects you from fire.
   It protects you from poison.
   It lets you blink.
   It makes you less stealthy.
 t - the ring of Amorality (left hand) {rElec rN+ Str+3 Int+2 Stlth+}
   (You bought it in a shop in the Dungeon)

   [ring of stealth]

   It affects your strength (+3).
   It affects your intelligence (+2).
   It insulates you from electricity.
   It protects you from negative energy.
   It makes you more stealthy.
 u - the ring "Awumapex" {Fire rPois MP+9 Int+4}
   (You bought it in a shop in the Dungeon)

   [ring of fire]

   It enhances your fire magic.
   It affects your intelligence (+4).
   It protects you from fire.
   It makes you vulnerable to cold.
   It protects you from poison.
   It affects your magic capacity (+9).
Wands
 l - a wand of acid (0/15)
 m - a wand of iceblast (3/15)
Scrolls
 k - 2 scrolls of blinking
 n - 2 scrolls of fog
Comestibles
 f - a bread ration
 j - 4 inedible chunks of flesh


   Skills:
 * Level 10.8 Fighting
 - Level 15.6 Maces & Flails
 * Level 10.8 Armour
 + Level 5.5 Dodging
 + Level 17.4 Shields
 + Level 2.9 Spellcasting
 + Level 5.4 Invocations
 - Level 0.6 Evocations


You had 15 spell levels left.
You didn't know any spells.

Dungeon Overview and Level Annotations

Branches:
Dungeon (1/1)

Altars:
Cheibriados
Dithmenos
Fedhas
Gozag
Kikubaaqudgha
Makhleb
Okawaru
Qazlal
Ru
Sif Muna
Trog
Uskayaw
Vehumet
Xom
Yredelemnul
Zin
The Shining One
Beogh
Jiyva
Lugonu

Shops:
D *[%??*?*:[((!!!!


Innate Abilities, Weirdness & Mutations

You are resistant to torment.
Your stone body is resilient. (AC +7)
You are immune to poison.
You resist negative energy. (rN+)
You are resistant to electric shocks. (rElec)
You can survive without breathing.
You are immune to petrification.
You are immune to rotting.
You have a pair of small antennae on your head.
You are partially covered in molten scales. (AC +2)
You are mostly covered in slimy green scales. (AC +3)
You are clumsy. (Dex -2)


Message History

Press: ? - help, Dir - move target cursor
As you read the scroll of blinking, it crumbles to dust.
Unknown command.
Okay, then.
Okay, then.
A tyrant leech and an alligator come into view.
As you read the scroll of fog, it crumbles to dust.
The scroll dissolves into smoke.
The spriggan rider hits you from afar with an enchanted spear.
* * * LOW HITPOINT WARNING * * *
Unknown command.
Unknown command.
Unknown command.
You aren't carrying any potions.
Unknown command.
Unknown command.
Okay, then.
Unknown command.
The spriggan rider hits you with an enchanted spear!
You die...

#⌠..........!⌠#
######.8..)......8.######
##∩_._......###..w...___∩##
###∩........8[# #.8§.......∩#
##.........÷...###.§§[........
#⌠..........###.w.###.........
#⌠..........# #.<§# #.........
#⌠.....t....###§w§###.........
##..........§@§###............
###∩........8i# #i8........∩#
##∩___...§§J###......___∩##
######.8§.§§.Ji..8.######
#⌠...........⌠#
###.........### #..[......#
#_......._# #........_#


You could see an alligator (wandering), a slime creature and a spriggan rider.

Vanquished Creatures
  A thorn hunter (D)
  A wizard (D)
  An alligator (D)
  A swamp dragon (D)
  2 rust devils (D)
  An ice devil (D)
  2 hellwings (D)
  A tyrant leech (D)
  2 air elementals (D)
  A fire elemental (D)
  3 steam dragons (D)
  3 fire bats (D)
  2 mottled dragons (D)
  4 insubstantial wisps (D)
  2 hell hounds (D)
  5 sky beasts (D)
  A swamp drake (D)
  2 phantoms (D)
  Jessica (D)
  Terence (D)
  2 lightning spires (D)
  A goblin (D)
  A bat (D)
  2 giant cockroach zombies (D)
  A quokka skeleton (D)
  A quokka zombie (D)
45 creatures vanquished.

Notes
Turn   | Place    | Note
-------+----------+-------------------------------------------
     0 | D        | protoss039 the Gargoyle Fighter began the quest for the Orb.
     0 | D        | Reached XP level 1. HP: 14/14 MP: 1/1
     1 | D        | Found a glowing silver altar of Zin.
     2 | D        | Found an iron altar of Okawaru.
     2 | D        | Found a snail-covered altar of Cheibriados.
     3 | D        | Found a hide-covered altar of Uskayaw.
     4 | D        | Found a radiant altar of Vehumet.
     4 | D        | Found a bloodstained altar of Trog.
     4 | D        | Found Tiowiz's Premium Goods.
     4 | D        | Found Dioke's Weapon Rack.
     5 | D        | Found Uruheh's Miscellaneous Merchandise.
     5 | D        | Found Ysaigyg's Basic Armour.
     5 | D        | Round 1.
     7 | D        | Noticed Jessica
    12 | D        | Killed Jessica
    12 | D        | Reached skill level 4 in Shields
    12 | D        | Reached XP level 2. HP: 20/20 MP: 2/2
    12 | D        | Reached XP level 3. HP: 24/24 MP: 3/3
    19 | D        | Found Xoolevia's Identification Station.
    20 | D        | Found Peghaylo's Advanced Armour.
    20 | D        | Found Vaamaur's Jewellery.
    21 | D        | Found a stormy altar of Qazlal.
    21 | D        | Found a corrupted altar of Lugonu.
    21 | D        | Found Jiatiece's Bee Food.
    35 | D        | Bought an ancient amethyst amulet for 45 gold pieces
    35 | D        | Bought a twitching silver ring for 45 gold pieces
    35 | D        | Bought a crude platinum ring for 45 gold pieces
    35 | D        | Identified the amulet of Trog's Righteous Anger {Faith rF+ Str+5 Slay+3 Stlth+} (You bought it in a shop in the Dungeon)
    36 | D        | Identified the ring of Sorchoiq {*Drain +Blink rPois rN+ Int+4} (You bought it in a shop in the Dungeon)
    37 | D        | Identified the ring "Zecurufuo" {+Blink rPois rF++ Str-2 Stlth-} (You bought it in a shop in the Dungeon)
    38 | D        | Bought a clouded iron ring for 45 gold pieces
    39 | D        | Identified the ring of Amorality {rElec rN+ Str+3 Int+2 Stlth+} (You bought it in a shop in the Dungeon)
    42 | D        | Found a shimmering altar of Xom.
    45 | D        | Found a roughly hewn altar of Beogh.
    46 | D        | Found a deep blue altar of Sif Muna.
    46 | D        | Found Zej Zuh's Magic Scroll Shop.
    47 | D        | Found Elaom's Magic Scroll Shop.
    47 | D        | Found Faumesi's Must-Have Magic.
    48 | D        | Found an opulent altar of Gozag.
    48 | D        | Found a shadowy altar of Dithmenos.
    48 | D        | Found a basalt altar of Yredelemnul.
    48 | D        | Found Sudass's Staff Store.
    62 | D        | Found a viscous altar of Jiyva.
    63 | D        | Found a blossoming altar of Fedhas.
    63 | D        | Noticed Terence
    64 | D        | Found a burning altar of Makhleb.
    65 | D        | Found Kichax's Distillery.
    66 | D        | Found Houmaph's Distillery.
    66 | D        | Found Beedomugue's Bottled Wisdom.
    66 | D        | Found a glowing golden altar of the Shining One.
    66 | D        | Found a sacrificial altar of Ru.
    66 | D        | Found an ancient bone altar of Kikubaaqudgha.
    66 | D        | Found Celeh's Do-It-Yourself Clinic.
    72 | D        | Killed Terence
    72 | D        | Reached skill level 5 in Fighting
    72 | D        | Reached skill level 5 in Armour
    72 | D        | Reached skill level 5 in Shields
    77 | D        | Arena points: 12 (+12) [x2]
    99 | D        | Became a worshipper of Cheibriados the Contemplative
   128 | D        | Bought a potion of might for 28 gold pieces
   129 | D        | Bought a potion of degeneration for 7 gold pieces
   144 | D        | Round 2.
   145 | D        | Noticed a phantom
   166 | D        | Noticed a phantom
   185 | D        | Killed a phantom
   185 | D        | Reached * piety under Cheibriados
   185 | D        | Reached skill level 5 in Maces & Flails
   185 | D        | Reached skill level 6 in Shields
   185 | D        | Reached XP level 4. HP: 25/32 MP: 4/4
   185 | D        | Reached XP level 5. HP: 28/36 MP: 5/5
   189 | D        | Reached ** piety under Cheibriados
   200 | D        | Killed a phantom
   200 | D        | Reached *** piety under Cheibriados
   200 | D        | Arena points: 48 (+36) [x3]
   200 | D        | Reached skill level 1 in Dodging
   200 | D        | Reached skill level 7 in Shields
   200 | D        | Reached XP level 6. HP: 34/42 MP: 6/6
   225 | D        | Round 3.
   227 | D        | Noticed an ice devil
   242 | D        | Killed an ice devil
   242 | D        | Reached skill level 8 in Shields
   242 | D        | Reached XP level 7. HP: 48/48 MP: 7/7
   274 | D        | Noticed a hellwing
   290 | D        | Killed a hellwing
   290 | D        | Reached skill level 10 in Maces & Flails
   305 | D        | Noticed a hellwing
   317 | D        | Noticed a rust devil
   324 | D        | Killed a hellwing
   324 | D        | Reached **** piety under Cheibriados
   324 | D        | Reached XP level 8. HP: 26/54 MP: 8/8
   325 | D        | Killed a rust devil
   325 | D        | Reached ***** piety under Cheibriados
   325 | D        | Reached skill level 9 in Shields
   335 | D        | Noticed a rust devil
   337 | D        | Noticed a rust devil
   344 | D        | Killed a rust devil
   347 | D        | Arena points: 66 (+18) [x1]
   356 | D        | Round 4.
   363 | D        | Reached XP level 9. HP: 35/60 MP: 9/9
   400 | D        | Arena points: 98 (+32) [x2]
   414 | D        | Round 5.
   416 | D        | Noticed a swamp dragon
   427 | D        | Noticed a witch
   434 | D        | Killed a swamp dragon
   434 | D        | Reached skill level 10 in Shields
   437 | D        | Noticed an alligator
   440 | D        | Noticed a four-headed hydra
   454 | D        | Killed an alligator
   454 | D        | Reached skill level 15 in Maces & Flails
   459 | D        | Noticed a tyrant leech
   485 | D        | Noticed a six-headed hydra
   485 | D        | Killed a tyrant leech
   485 | D        | Reached XP level 10. HP: 13/67 MP: 11/11
   488 | D        | Noticed a four-headed hydra
   497 | D        | Killed a witch
   497 | D        | Reached ****** piety under Cheibriados
   497 | D        | Arena points: 258 (+160) [x4]
   497 | D        | Reached skill level 11 in Shields
   500 | D        | Got a decaying rune of Zot
   529 | D        | Bought a pair of ichor-stained gloves for 332 gold pieces
   534 | D        | Identified the +0 pair of gloves "Cyexzom" {rPois SInv} (You bought it in a shop in the Dungeon)
   535 | D        | Reached skill level 12 in Shields
   535 | D        | Reached XP level 11. HP: 29/72 MP: 12/15
   674 | D        | Round 6.
   721 | D        | Gained mutation: You are partially covered in slimy green scales. (AC +2) [mutagenic meat]
   722 | D        | Gained mutation: You are clumsy. (Dex -2) [mutagenic meat]
   724 | D        | Gained mutation: You are mostly covered in slimy green scales. (AC +3) [mutagenic meat]
   735 | D        | Reached skill level 13 in Shields
   752 | D        | Reached skill level 14 in Shields
   757 | D        | Gained mutation: You have a pair of small antennae on your head. [mutagenic meat]
   758 | D        | Gained mutation: You are partially covered in molten scales. (AC +2) [mutagenic meat]
   780 | D        | Arena points: 528 (+270) [x5]
   791 | D        | Round 7.
   804 | D        | Reached skill level 15 in Shields
   810 | D        | Bought a fine large shield for 332 gold pieces
   820 | D        | Identified the cursed +0 large shield "Uwnemiar" {rElec} (You bought it in a shop in the Dungeon)
   886 | D        | Reached skill level 16 in Shields
   904 | D        | Arena points: 570 (+42) [x1]
   912 | D        | Round 8.
   938 | D        | Reached skill level 10 in Fighting
   949 | D        | Reached skill level 10 in Armour
   949 | D        | Reached skill level 5 in Invocations
   982 | D        | Reached skill level 5 in Dodging
  1005 | D        | Arena points: 714 (+144) [x2]
  1026 | D        | Bought a scintillating bronze ring for 45 gold pieces
  1026 | D        | Bought a shimmering golden ring for 45 gold pieces
  1027 | D        | Identified the ring of the Genius {rF+ SInv} (You bought it in a shop in the Dungeon)
  1029 | D        | Identified the ring "Awumapex" {Fire rPois MP+9 Int+4} (You bought it in a shop in the Dungeon)
  1041 | D        | Round 9.
  1047 | D        | Noticed a spriggan rider
  1062 | D        | Noticed a thorn hunter
  1075 | D        | Killed a thorn hunter
  1075 | D        | Reached skill level 17 in Shields
  1079 | D        | Noticed an alligator
  1080 | D        | Mangled by a spriggan rider

Skill      XL: |  1  2  3  4  5  6  7  8  9 10 11 |
---------------+----------------------------------+-----
Fighting       | 4 6 7 8 9 10 | 10.8
Armour         | 4 6 7 8 9 10 | 10.8
Shields        | 4 6 7 8 9 10 12 17 | 17.4
Maces & Flails | 5 6 9 11 13 15 | 15.6
Dodging        | 1 2 3 4 5 |  5.5
Invocations    | 2 4 5 |  5.4
Spellcasting   | 2 |  2.9
Evocations     | |  0.6

Action                   |  1- 3 |  4- 6 |  7- 9 | 10-12 || total
-------------------------+-------+-------+-------+-------++-------
Melee: Flail             |    32 |    24 |    86 |   120 ||   262
Invok: Slouch            |       |       |     2 |     3 ||     5
       Temporal Distorti |       |       |       |     1 ||     1
 Abil: Evoke Blink       |       |       |     1 |     4 ||     5
Evoke: Wand              |     3 |     1 |       |     3 ||     7
  Use: Potion            |       |     2 |     6 |     3 ||    11
       Scroll            |       |       |       |     3 ||     3
  Eat: Chunk             |       |       |       |     6 ||     6
Armor: Scale mail        |    10 |    10 |    41 |     2 ||    63
       Swamp dragon scal |       |       |       |    27 ||    27
Dodge: Dodged            |    13 |     4 |    26 |    22 ||    65
Block: Shield            |    14 |     5 |    62 |    34 ||   115
       Large shield      |       |       |       |    83 ||    83
